Cogmind - Beta 16 @@@ ROGUE MODE // 2026.01.22 @ 19:46:16 Player: MrFartsburg Result: Core destroyed Performance ------------- Evolutions (4) 2000 Regions Visited (7) 1400 Robots Destroyed (46) 230 Value Destroyed (1521) 1521 Prototype IDs (1) 20 Alien Tech Used (0) 0 Bonus (0) 0 TOTAL SCORE: 5171 Bonus ------- None Cogmind --------- Core Integrity 0/850 Matter 294/300 Energy 15/300 System Corruption 20% Temperature Cool (9) Movement Core (500) Ox9 Location -6/Factory Parts ------- > --- POWER (2) -------- (None) > --- PROPULSION (3) --- (None) > --- UTILITY (6) ------ Large Storage Unit Compact Battery (fused) Armor Integrity Analyzer Makeshift ECM Suite Component Analysis Suite > --- WEAPON (4) ------- (None) > --- INVENTORY (15) --- Improved Heat Sink Recoil Stabilizer Hacking Suite System Guard Peak State ------------ > --- POWER ------------ Enhanced Nuclear Core > --- PROPULSION ------- VTOL Module Cesium-ion Thruster Xenon Bombardment Thruster > --- UTILITY ---------- Large Storage Unit Compact Battery Advanced Visual Processing Unit Makeshift ECM Suite System Shield Tractor Beam > --- WEAPON ----------- Plasma Cannon Battle Rifle Battle Rifle Katana > --- INVENTORY -------- Improved Treads Aluminum Leg Improved Titanium Leg Heat Sink Improved Heat Sink Compact Battery Armor Integrity Analyzer Weapon Shielding Hardlight Generator Force Field Component Analysis Suite [Rating: 42] Favorites ----------- Power Light Ion Engine Engine Light Ion Engine Power Core Enhanced Nuclear Core Propulsion Aluminum Leg Treads Light Treads Leg Aluminum Leg Flight Unit Cesium-ion Thruster Utility System Shield Device Makeshift ECM Suite Storage Compact Battery Processor Advanced Visual Processing Unit Hackware System Shield Protection Weapon Shielding Weapon Plasma Cannon Energy Gun Small Laser Energy Cannon Plasma Cannon Ballistic Gun Assault Rifle Ballistic Cannon Flak Cannon Launcher Grenade Launcher Slashing Weapon Katana Build | -11 -10 -9 -8 -7 -7 -7 -6 ------- Run | Yrd Mat Mat Mat Fac Low Low Fac Slots Evolved 8 | . . 2 2 2 . . 2 Power 1 | . . 1 . . . . . Propulsion 1 | . . 1 . . . . . Utility 4 | . . . 2 . . . 2 Weapon 2 | . . . . 2 . . . Parts Attached 54 | 6 1 5 12 2 8 5 15 Power 9 | 1 . 2 3 1 1 . 1 Engine 7 | 1 . 2 3 . . . 1 Core 2 | . . . . 1 1 . . Reactor . | . . . . . . . . Propulsion 15 | 2 . 1 3 . 4 3 2 Treads 5 | 2 . 1 . . 1 . 1 Leg 7 | . . . 3 . 3 . 1 Wheel . | . . . . . . . . Hover . | . . . . . . . . Flight 3 | . . . . . . 3 . Utility 15 | 1 1 1 3 . 1 . 8 Device 6 | . 1 . . . . . 5 Storage 5 | 1 . . 2 . 1 . 1 Processor 2 | . . . 1 . . . 1 Hackware 1 | . . 1 . . . . . Protection 1 | . . . . . . . 1 Artifact . | . . . . . . . . Weapon 15 | 2 . 1 3 1 2 2 4 Energy Gun 4 | 1 . . . . . . 3 Energy Cannon 1 | . . . . . 1 . . Ballistic Gun 6 | 1 . 1 1 1 . 1 1 Ballistic Cannon 1 | . . . 1 . . . . Launcher 1 | . . . 1 . . . . Special Weapon . | . . . . . . . . Impact Weapon . | . . . . . . . . Slashing Weapon 2 | . . . . . 1 1 . Piercing Weapon . | . . . . . . . . Special Melee Weapon . | . . . . . . . . Unidentified Prototypes 1 | . . . . . 1 . . Parts Lost 44 | . . 1 6 . 14 . 23 Power 9 | . . 1 3 . 3 . 2 Propulsion 14 | . . . 2 . 6 . 6 Utility 8 | . . . . . . . 8 Weapon 13 | . . . 1 . 5 . 7 Highest Loss Streak 11 | . . 1 5 . 4 . 11 To Critical Strikes . | . . . . . . . . Average Backups 7 | 4 7 7 7 6 8 8 6 Power . | . 1 1 . . . . . Propulsion 2 | 3 3 2 2 3 3 1 1 Utility 3 | . . 1 1 2 4 6 5 Weapon . | . 2 3 2 . . . . Tool/Special . | . . . . . . . . Unused Backups 12 | . 4 2 2 . . . 4 Power . | . . . . . . . . Propulsion 3 | . 3 . . . . . . Utility 8 | . 1 1 2 . . . 4 Weapon 1 | . . 1 . . . . . Tool/Special . | . . . . . . . . Average Slot Usage (%) 77 | . 87 99 93 99 76 66 61 Engine 5 | . 14 21 13 9 3 . 2 Core 5 | . . . . 4 7 7 1 Treads 5 | . 28 33 17 . . . 2 Leg 7 | . . . 8 23 12 . 1 Flight 3 | . . . . . . 17 5 Device 2 | . 2 4 . . . . 16 Storage 14 | . 14 11 17 15 15 15 10 Processor 6 | . . . 9 7 7 7 5 Hackware 6 | . . 6 9 7 7 7 1 Energy Gun 1 | . 14 4 . . . . 1 Energy Cannon 4 | . . . . . 6 7 1 Ballistic Gun 8 | . 14 17 14 15 8 1 3 Ballistic Cannon 2 | . . . 2 7 3 . . Peak Build Rating 42 | 6 7 14 21 27 36 36 42 Average Rating 23 | 3 6 11 19 25 25 27 27 On Entrance 16 | . 6 7 14 21 27 21 36 Avg Prop Armor Cover (%) 22 | . . . . . . . 22 Naked Turns . | . . . . . . . . Heaviest Build 51 | 12 13 16 26 34 48 40 51 Greatest Support 60 | 40 40 60 60 30 38 15 30 Greatest Overweight (x) 14 | . . . . 1 11 3 14 Average Overweight (x) 2 | . . . . 1 2 2 2 Largest Inventory Capacity 15 | 8 8 8 10 10 15 15 15 Average Capacity 12 | 6 8 8 9 10 12 15 15 Most Carried 13 | 7 8 8 9 8 12 13 12 Average Carried 7 | 4 7 7 7 6 8 8 6 Final Capacity 15 | 8 8 8 10 10 15 15 15 Final Carried 13 | 6 8 8 7 8 9 13 4 Class Distribution -------------------- 58% | Mutant 29% | Skirmisher 4% | Scavenger-Mutant 4% | Derelict-Mutant Dominant Class ---------------- Mutant | -10/Materials Mutant | -9/Materials Mutant | -8/Materials Skirmisher | -7/Factory Skirmisher | -7/Lower Caves Mutant | -7/Lower Caves Scavenger-Mutant | -6/Factory Resources | -11 -10 -9 -8 -7 -7 -7 -6 ----------- Run | Yrd Mat Mat Mat Fac Low Low Fac Matter Collected 1326 | 161 118 154 201 . 509 70 113 Remotely 162 | . 118 44 . . . . . Salvage Created 1600 | . 166 486 329 . 417 . 202 Parts 76 | . 7 27 22 . 16 . 4 Haulers Intercepted . | . . . . . . . . Recyclers Shooed 4 | . 1 . 2 . . . 1 Parts Field Recycled . | . . . . . . . . Retrieved Matter . | . . . . . . . . Parts Self-Destructed 22 | . . . . . 17 5 . Prevented . | . . . . . . . . Parts Restored . | . . . . . . . . Kills | -11 -10 -9 -8 -7 -7 -7 -6 ------- Run | Yrd Mat Mat Mat Fac Low Low Fac Combat Hostiles Destroyed 40 | . 2 11 12 . 12 . 3 Melee 4 | . . . . . 1 . 3 Guns 26 | . 2 11 9 . 4 . . Cannons 7 | . . . 1 . 6 . . AOE 3 | . . . 2 . 1 . . Classes Destroyed 9 | . 2 4 2 . . . 1 Worker 3 | . . 1 2 . . . . Recycler 1 | . 1 . . . . . . Operator 1 | . . 1 . . . . . Watcher 1 | . . 1 . . . . . Swarmer 10 | . . . 6 . 4 . . Grunt 25 | . 2 10 5 . 7 . 1 Brawler 1 | . . . . . . . 1 Duelist 1 | . . . 1 . . . . Sentry 3 | . . 1 . . 1 . 1 Best Kill Streak 7 | . 3 6 7 . 4 . 2 Combat Bots Only 6 | . 2 6 6 . 4 . 2 Max Kills in Single Turn 3 | . 1 1 3 . 1 . 1 Gunslinging . | . . . . . . . . Exploded 2 | . . . 2 . 1 . . Melee 1 | . . . . . 1 . 1 Uniques/NPCs Destroyed . | . . . . . . . . Combat | -11 -10 -9 -8 -7 -7 -7 -6 -------- Run | Yrd Mat Mat Mat Fac Low Low Fac Hostile Shots Fired 602 | . 20 43 67 . 195 . 277 Missed 201 | . 8 12 18 . 71 . 92 Hits 401 | . 12 31 49 . 124 . 185 Melee 7 | . . . . . . . 7 Projectile 394 | . 12 31 49 . 124 . 178 Critical Strikes 8 | . . . 1 . 2 . 5 Part Disruptions 1 | . . . . . . . 1 Damage Taken 4987 | . 138 406 579 . 1588 . 2276 Core 1337 | . 21 89 145 . 213 . 869 Absorbed by Shields 21 | . . . . . . . 21 Redirected to Shielding 34 | . . . . . . . 34 Core Remaining (%) 82 | 100 91 77 73 . . 69 . Volleys Fired 111 | . 13 32 28 . 34 . 4 Largest 4 | . 2 2 2 . 4 . 2 Hottest 160 | . 60 60 60 . 160 . 50 Shots Fired 243 | . 26 64 54 . 91 . 8 Gun 191 | . 26 64 45 . 48 . 8 Cannon 41 | . . . 4 . 37 . . Launcher 11 | . . . 5 . 6 . . Special . | . . . . . . . . Kinetic 186 | . 13 50 49 . 66 . 8 Thermal 46 | . 13 14 . . 19 . . Explosive 11 | . . . 5 . 6 . . Electromagnetic . | . . . . . . . . Robot Hit Streak 10 | . 8 10 8 . 6 . 2 Robot Miss Streak 8 | . 2 4 4 . 8 . 3 Penetration Max . | . . . . . . . . Secondary Targets 2 | . . 1 1 . . . . Max Gunslinging Chain 1 | . . 1 1 . . . . Shots Hit Robots 185 | . 19 46 36 . 56 . 28 Core Hits 98 | . 7 26 27 . 28 . 10 Critical Kills . | . . . . . . . . Critical Parts Destroyed 1 | . . 1 . . . . . Critical Strikes 4 | . . 1 . . . . 3 Destroy 1 | . . 1 . . . . . Sever 3 | . . . . . . . 3 Melee Attacks 33 | . . . . . 2 . 31 Impact . | . . . . . . . . Slashing 33 | . . . . . 2 . 31 Piercing . | . . . . . . . . Sneak Attacks 1 | . . . . . . . 1 Combat Hostiles . | . . . . . . . . Follow-up Attacks . | . . . . . . . . Damage Inflicted 3818 | 7 221 550 875 . 1337 . 828 Guns 1674 | . 221 548 515 . 346 . 44 Cannons 635 | . . . 39 . 596 . . Explosions 669 | . . . 307 . 362 . . Melee 814 | . . . . . 33 . 781 Ramming 26 | 7 . 2 14 . . . 3 Kinetic 1693 | . 88 449 554 . 558 . 44 Thermal 616 | . 133 99 . . 384 . . Explosive 669 | . . . 307 . 362 . . Electromagnetic . | . . . . . . . . Impact . | . . . . . . . . Slashing 814 | . . . . . 33 . 781 Piercing . | . . . . . . . . Highest Corruption 20 | . . . . . . . 20 Average Corruption 14 | . . . . . . . 14 Corruption Purged . | . . . . . . . . Corruption Blocked . | . . . . . . . . Effects 21 | . . . . . . . 21 Message Errors 5 | . . . . . . . 5 Matter Fused 5 | . . . . . . . 5 Heat Flow Errors 3 | . . . . . . . 3 Energy Discharges 3 | . . . . . . . 3 Parts Fused 1 | . . . . . . . 1 Data Loss (minor) 3 | . . . . . . . 3 Data Loss (major) 1 | . . . . . . . 1 Overload Shots . | . . . . . . . . Overflow Damage 47 | . . . 17 . . . 30 Projectiles . | . . . . . . . . Explosions 17 | . . . 17 . . . . Melee 30 | . . . . . . . 30 Knockbacks 11 | 1 . . 4 . 6 . . Impact 1 | 1 . . . . . . . Kinetic 8 | . . . 2 . 6 . . Secondary 2 | . . . 2 . . . . Self-Inflicted Damage 5 | . . . . . 5 . . Shots 1 | . . . . . 1 . . Rammed 8 | 1 . 1 1 . . . 5 Targets Rammed 10 | 1 . 2 2 . . . 5 Kicked 1 | . . . 1 . . . . Crushed 1 | . . 1 . . . . . Highest Temperature 427 | . 152 87 42 . 427 . 168 Average Temperature 94 | . 82 32 13 . 155 . 60 Received Heat Transfer 1707 | . 72 222 261 . 609 . 543 Effects 6 | . . . . . 6 . . Shutdowns 3 | . . . . . 3 . . Matter Decay 1 | . . . . . 1 . . Damage (minor) 1 | . . . . . 1 . . Damage (major) 1 | . . . . . 1 . . Siege Activations . | . . . . . . . . Martial Activations . | . . . . . . . . Shielding Activations . | . . . . . . . . Robots Disrupted . | . . . . . . . . Combat Hostiles . | . . . . . . . . Robots Corrupted . | . . . . . . . . Combat Hostiles . | . . . . . . . . Parts Fried . | . . . . . . . . Impact Corruptions . | . . . . . . . . Robots Melted . | . . . . . . . . Combat Hostiles . | . . . . . . . . Parts Melted 2 | . . . . . 2 . . Heat Transferred 1275 | . 300 225 . . 750 . . Parts Sabotaged . | . . . . . . . . Parts Stolen . | . . . . . . . . Parts Stripped . | . . . . . . . . Power Chain Reactions . | . . . . . . . . Alert | -11 -10 -9 -8 -7 -7 -7 -6 ------- Run | Yrd Mat Mat Mat Fac Low Low Fac Maximum Alert Level . | . . . . . . . . Low Security (%) 100 | 100 100 100 100 100 . . 100 Level 1 . | . . . . . . . . Level 2 . | . . . . . . . . Level 3 . | . . . . . . . . Level 4 . | . . . . . . . . Level 5 . | . . . . . . . . High Security . | . . . . . . . . Max Security . | . . . . . . . . Peak Influence 184 | . 55 157 184 74 . . 30 Initial 74 | . . 10 33 74 . . . Average 34 | . 12 67 74 35 . . 3 Influence Increases 1042 | . 55 271 321 . 285 . 110 Destroy 0b10 Robot/C 800 | . 40 220 240 . 240 . 60 Destroy 0b10 Robot/NC 30 | . 5 15 10 . . . . Destroy Leader 132 | . 10 32 40 . 30 . 20 Successful Hack 11 | . . 4 7 . . . . Disable Machine 15 | . . . 15 . . . . Destroy Structure 9 | . . . 9 . . . . Lose Combat Pursuer 45 | . . . . . 15 . 30 Influence Decreases 1042 | . 30 217 236 164 285 . 110 Entered New Map 151 | . . 15 46 90 . . . Time Decay 682 | . 30 192 130 74 186 . 70 Lost Part 209 | . . 10 60 . 99 . 40 Squads Dispatched 6 | . 1 2 1 . . . 2 Investigation 1 | . 1 . . . . . . Extermination 1 | . . . . . . . 1 Reinforcement 4 | . . 2 1 . . . 1 Assault . | . . . . . . . . Garrison . | . . . . . . . . Intercept . | . . . . . . . . Searches Triggered . | . . . . . . . . Construction Impeded . | . . . . . . . . Haulers Reinforced . | . . . . . . . . Active Scanning Responses . | . . . . . . . . Cargo Convoy Interrupts . | . . . . . . . . Stealth | -11 -10 -9 -8 -7 -7 -7 -6 --------- Run | Yrd Mat Mat Mat Fac Low Low Fac Distress Signals 3 | . . 1 2 . . . . Communications Jammed . | . . . . . . . . Distress Signals . | . . . . . . . . Times Spotted 60 | . 3 15 18 . 13 . 11 Peak Tracking Total 7 | . 3 7 7 . 4 . 4 Tactical Retreats 3 | . . . . . 1 . 2 Traps | -11 -10 -9 -8 -7 -7 -7 -6 ------- Run | Yrd Mat Mat Mat Fac Low Low Fac Traps Triggered 2 | . . . . 1 . . 1 Indirectly . | . . . . . . . . Trap Hack Attempts . | . . . . . . . . Triggered . | . . . . . . . . Disarmed . | . . . . . . . . Reprogrammed . | . . . . . . . . Reused . | . . . . . . . . Traps Extracted . | . . . . . . . . Installed . | . . . . . . . . Triggered . | . . . . . . . . Machines | -11 -10 -9 -8 -7 -7 -7 -6 ---------- Run | Yrd Mat Mat Mat Fac Low Low Fac Machines Disabled 1 | . . . 1 . . . . Max in Single Turn 1 | . . . 1 . . . . Machines Repaired . | . . . . . . . . Machines Dismantled . | . . . . . . . . Machines Sabotaged . | . . . . . . . . Overloaded Fab Kills . | . . . . . . . . Hacking | -11 -10 -9 -8 -7 -7 -7 -6 --------- Run | Yrd Mat Mat Mat Fac Low Low Fac Machines Accessed 10 | . 2 2 1 . . 2 3 Terminals 4 | . 1 2 1 . . . . Fabricators 1 | . . . . . . . 1 Repair Stations 1 | . . . . . . . 1 Recycling Units 1 | . 1 . . . . . . Scanalyzers 1 | . . . . . . . 1 Garrison Access . | . . . . . . . . Total Hacks 27 | . 6 6 6 . . 6 3 Successful 20 | . 5 4 4 . . 6 1 Failed 7 | . 1 2 2 . . . 2 Catastrophic 1 | . . . . . . . 1 Database Lockouts . | . . . . . . . . Manual . | . . . . . . . . Terminals 15 | . 3 6 6 . . . . Fabricators 1 | . . . . . . . 1 Repair Stations 1 | . . . . . . . 1 Recycling Units 3 | . 3 . . . . . . Scanalyzers 1 | . . . . . . . 1 Garrison Access . | . . . . . . . . Terminal Hacks 16 | . 2 4 4 . . 6 . Record 10 | . . 1 4 . . 5 . Open Door 1 | . . . . . . 1 . Emergency Access Points 1 | . . 1 . . . . . Alert Level 3 | . 1 2 . . . . . Maintenance Status 1 | . 1 . . . . . . Fabricator Hacks 1 | . . . . . . . 1 Network Status 1 | . . . . . . . 1 Repair Station Hacks . | . . . . . . . . Recycling Unit Hacks 3 | . 3 . . . . . . Recycle Component 1 | . 1 . . . . . . Process 2 | . 2 . . . . . . Scanalyzer . | . . . . . . . . Garrison Access Hacks . | . . . . . . . . Unauthorized Hacks . | . . . . . . . . Terminals . | . . . . . . . . Fabricators . | . . . . . . . . Repair Stations . | . . . . . . . . Recycling Units . | . . . . . . . . Scanalyzers . | . . . . . . . . Garrison Access . | . . . . . . . . Data Cores Recovered . | . . . . . . . . Used . | . . . . . . . . Hacking Detections 6 | . 2 2 1 . . . 1 Full Trace Events 1 | . 1 . . . . . . Feedback Events . | . . . . . . . . Feedback Blocked . | . . . . . . . . Robot Schematics Acquired . | . . . . . . . . Robots Built . | . . . . . . . . Authchips . | . . . . . . . . Time . | . . . . . . . . Total Robot Build Rating . | . . . . . . . . Part Schematics Acquired . | . . . . . . . . Parts Built . | . . . . . . . . Authchips . | . . . . . . . . Time . | . . . . . . . . Total Part Build Rating . | . . . . . . . . Part Studies Acquired . | . . . . . . . . Parts Repaired . | . . . . . . . . Time . | . . . . . . . . Parts Recycled 1 | . 1 . . . . . . Recycled Matter 37 | . 37 . . . . . . Retrieved Matter . | . . . . . . . . Retrieved Components . | . . . . . . . . Parts Scanalyzed . | . . . . . . . . Part Schematics Acquired . | . . . . . . . . Parts Damaged . | . . . . . . . . Bothacking | -11 -10 -9 -8 -7 -7 -7 -6 ------------ Run | Yrd Mat Mat Mat Fac Low Low Fac Used RIF Installer . | . . . . . . . . Robots Hacked . | . . . . . . . . Non-combat . | . . . . . . . . Combat . | . . . . . . . . Robot Hacks Applied . | . . . . . . . . Relay Couplers Released . | . . . . . . . . Fabnet Peak Effective % . | . . . . . . . . Robots Rewired . | . . . . . . . . Allies Hacked . | . . . . . . . . Hacks Repelled . | . . . . . . . . Allies | -11 -10 -9 -8 -7 -7 -7 -6 -------- Run | Yrd Mat Mat Mat Fac Low Low Fac Total Allies . | . . . . . . . . Largest Group . | . . . . . . . . Highest-Rated Group . | . . . . . . . . Highest-Rated Ally . | . . . . . . . . Total Orders . | . . . . . . . . Ally Attacks . | . . . . . . . . Total Damage . | . . . . . . . . Kills . | . . . . . . . . Allies Corrupted . | . . . . . . . . Allies Melted . | . . . . . . . . Intel | -11 -10 -9 -8 -7 -7 -7 -6 ------- Run | Yrd Mat Mat Mat Fac Low Low Fac Active Infowar (turns) 4012 | . . . 298 176 2351 665 522 Optics 3795 | . . . 298 176 2351 665 305 ECM 387 | . . . . . . . 387 Robot Analysis Total . | . . . . . . . . Derelict Logs Recovered 2 | . . . . . 1 1 . Drone Launches . | . . . . . . . . Drone Recoveries . | . . . . . . . . Exploration | -11 -10 -9 -8 -7 -7 -7 -6 ------------- Run | Yrd Mat Mat Mat Fac Low Low Fac Turns Passed 4766 | 66 210 402 298 176 2351 665 598 Spaces Moved 1792 | 38 103 185 131 86 810 269 170 Core 185 | 12 . . . . 159 . 14 Treads 474 | 26 103 185 71 . 17 . 72 Legs 818 | . . . 60 86 634 . 38 Wheels . | . . . . . . . . Hover . | . . . . . . . . Flight 315 | . . . . . . 269 46 Fastest Speed 50 | 50 160 160 120 190 120 190 195 Average Speed 233 | 125 160 160 141 190 273 242 268 Slowest Speed 750 | 160 160 160 160 190 600 272 750 Overloaded Moves . | . . . . . . . . Propulsion Burnouts . | . . . . . . . . Robots Hopped . | . . . . . . . . Potential Cave-ins . | . . . . . . . . Cave-ins Triggered . | . . . . . . . . Exploration Rate (%) 24 | 4 17 27 17 2 95 33 4 Regions Visited 7 Branch Regions 2 Pre-discovered Areas . | . . . . . . . . Known Exits Taken 1 | . . . . . . 1 . Unknown Exits Taken 6 | 1 1 1 1 1 1 . . Scrap Searched 4 | . . . . . 3 1 . Spaces Dug . | . . . . . . . . Terrain Destroyed 35 | . . . 6 . 29 . . Melee . | . . . . . . . . Projectile . | . . . . . . . . AOE 35 | . . . 6 . 29 . . Terrain Rammed . | . . . . . . . . Walls Destroyed . | . . . . . . . . Machines Disabled . | . . . . . . . . Actions | -11 -10 -9 -8 -7 -7 -7 -6 --------- Run | Yrd Mat Mat Mat Fac Low Low Fac Total 2116 | 56 126 234 196 99 880 283 242 Wait 31 | . . 1 4 3 14 1 8 Move 1785 | 37 102 184 130 85 809 268 170 Hop . | . . . . . . . . Pick Up 67 | 12 7 6 13 3 9 9 8 Fast Attach . | . . . . . . . . Attach 55 | 6 1 4 12 2 8 5 17 Detach 2 | . . 1 . . 1 . . Swap 5 | . . 1 1 1 2 . . Drop 13 | . 3 3 6 . 1 . . Fire 111 | . 13 32 28 . 34 . 4 Melee 33 | . . . . . 2 . 31 Ram 4 | . . . . . . . 4 Kick 1 | . . . 1 . . . . Crush 4 | 1 . 2 1 . . . . Escape Stasis 5 | . . . . 5 . . . Rewire . | . . . . . . . . Trap . | . . . . . . . . Miscellaneous . | . . . . . . . . Route ------- -11/Scrapyard -10/Materials -9/Materials -8/Materials -7/Factory -7/Lower Caves -7/Lower Caves -6/Factory (discovered 4 exits: Fac x3 / Low) History --------- Turn | Location | Event 41 | -11/Scrapyard | Discovered new exit (range 14) 67 | -11/Scrapyard | Entered Materials 256 | -10/Materials | Discovered new exit (range 14) 277 | -10/Materials | Entered another Materials area 277 | -9/Materials | Evolved 2 slots: Power x1, Propulsion x1 318 | -9/Materials | Build established: Mutant 676 | -9/Materials | Discovered new exit (range 3) 679 | -9/Materials | Entered another Materials area 679 | -8/Materials | Evolved 2 slots: Utility x2 895 | -8/Materials | Lost 5 parts (2p2n1w) 922 | -8/Materials | Discovered new exit (range 15) 977 | -8/Materials | Entered Factory 977 | -7/Factory | Evolved 2 slots: Weapon x2 1139 | -7/Factory | Discovered new exit (range 5) 1153 | -7/Factory | Entered Lower Caves 1294 | -7/Lower Caves | Build established: Skirmisher 1501 | -7/Lower Caves | Lost 4 parts (1p2n1w) 2421 | -7/Lower Caves | Learned 4 Factory zone layouts 2433 | -7/Lower Caves | Lost 3 parts (3w) 2494 | -7/Lower Caves | Lost 4 parts (1p3n) 2546 | -7/Lower Caves | Attracted the attention of an 0b10 checkpoint 2626 | -7/Lower Caves | Lost 3 parts (1p1n1w) 2704 | -7/Lower Caves | Build established: Mutant 3408 | -7/Lower Caves | Discovered new exit (range 18) 3504 | -7/Lower Caves | Entered another Lower Caves area 3914 | -7/Lower Caves | Learned Factory stockpile data 3990 | -7/Lower Caves | Entered an active Warlord outpost 4022 | -7/Lower Caves | Identified exit to Factory 4022 | -7/Lower Caves | Learned 8 Research zone layouts 4022 | -7/Lower Caves | Learned Research terminal intel 4022 | -7/Lower Caves | Learned Armory terminal intel 4169 | -7/Lower Caves | Entered Factory 4169 | -6/Factory | Evolved 2 slots: Utility x2 4170 | -6/Factory | Identified exit to Factory 4171 | -6/Factory | Identified exit to Lower Caves 4322 | -6/Factory | System corruption reached 10% 4377 | -6/Factory | Lost 11 parts (1p4n3u3w) 4472 | -6/Factory | Core integrity fell below 50% 4505 | -6/Factory | Lost 8 parts (1n4u3w) 4749 | -6/Factory | Core integrity fell below 20% 4767 | -6/Factory | Core destroyed Last Messages --------------- System corrupted: Component data lost. O-24 Administrator: "IFF HANDSHAKE FAILED. SECURING TERMINAL." ALERT: Hostiles spotted, dispatching reinforcements to Terminal F012. OJD5R=JQRGRTI%>A#MAJEFUQF/CZCCU8S P-60 Hacker resets R-10 Processor, system corruption cleaned. Katana destroyed. Imp. Deuterium Engine destroyed. O3 System corrupted: Energy discharge (-17). Imp. Treads destroyed. Slammed into P-60 Hacker. Destabilizing: Core damaged (-42). [Achievement: 5k Club] Map ----- +----------------------------------------------------+ | ?????????????????????????????????????????? | | ?????????????????????????????????????????? | | ?????????????????????????????????????????? | | ?????????????????????????????????????????? | | ?????????????????????????????????????????? | | ?????????????????????????????????????????? | | ?????????????????????????????????????????? | | ?????????????????????????????????????????? | | ?????????????????????????????????????????? | | ?????????????????????????????????????????? | | ?????????????????????????????????????????? | | ?????????????????????????????????????????? | | ?????????????????????????????????????????? | | ?????????????????????????????????????????? | | ?????????????????????????????????????????? | | ?????????????????????????????????????????? | | ?????????????????????????????????????????? | | ?###########?????########????????????????? | | ?# #?????# ?????=???????????? | | ?# "" #?????# u#??????????????????? | | ?# "" ####### #??????????????????? | | ?# """ # #??????????????????? | | ?# """ # #??###?????????????? | | ?# """ # k ###T #######+####??? | | ?# # p g ??? | | ?# # ####@ g ?? | | ?#####+##### #??# g ""???? | | ???### #??# ""???? | | ???#"" #??# ""???? | | ???#" """ #######+############ ""???? | | ???#"F "Y" + #?????????????? | | ???#"" " " # #?????????????? | | ???### # """"""""" #?????????????? | | ?????# + #?????????????? | | ?????#### ##### """"""""" #?????????????? | | ????????# #???# #?????????????? | | ????????# #???# #?????????????? | | ????????# #???# """#?????????????? | | ????????# #???# """#??????????"??? | | ????????# #???# R"#?????????"""?? | | ????????# #???# """#???????? ??? | | ????????# #???# #??????? """??? | | ????????# #???###########+##?????? """??? | | ######### #?????????????# ######## """""" | | # # #?????????????# """""" | | # # #??###????????# | | # # #### ####?????# | | # # ############### | | # # % | | # + % | +----------------------------------------------------+ Best States ------------- Heat Dissipation 47 Energy Generation 27 Energy Capacity 550 Matter Stores 300 Matter Capacity 300 Sight Range 20 Terrain Scan Density 10 ECM Strength 2 Weapon Shielding 33 Evasion (%) 55 Armor Integrity Analysis 30 Recoil Reduction 3 Defensive Hacking 10 Item Schematics ----------------- None Robot Schematics ------------------ None Fabricated ------------ Nothing Repaired ---------- Nothing Studied --------- None Alien Tech Used ----------------- None Achievements -------------- 5k Club Made in Tau Ceti IV Spot Them First Challenges ------------ None Game ------ Seed CatalystReactionBooster Manual? 0 Play Time 00:51:39 Cumulative 7.4 hours Start 2026.01.21 @ 11:39:40 End 2026.01.22 @ 19:46:16 Sessions 3 Manual Loads 0 Difficulty Rogue Special Mode None Game No. 13 Rogue 13 Adventurer 0 Explorer 0 Win Type - Total 0 Types 0/0/0/0/0/0/0/0/0/0 Lore% 2 Gallery% 10 Achievement% 9 Wizard Run 0 Options --------- Layout 1 ASCII 0 Keyboard 0 Movement Numpad Keybinds 0 Fullscreen 1 Font 32/SmallcapsGlow Map View 50x35 Zoom Use 0% Tactical HUD 0 Map Filters NONE Filters NONE Steam 1 RUN: 78db3094-5e4f-4feb-b61d-29afb4f33219